 Dungeon Crawl Stone Soup version 0.26.0-18-gc5c842f807 (webtiles) character file.

Game seed: 13885351798828454749

64 kaeus the Firebug (level 4, -2/24 HPs)
             Began as a Gargoyle Fire Elementalist on Jan 24, 2021.
             Slain by an iron imp (9 damage)
             ... on level 3 of the Dungeon.
             The game lasted 00:01:41 (2419 turns).

kaeus the Firebug (Gargoyle Fire Elementalist)      Turns: 2419, Time: 00:01:41

Health: -2/24      AC:  5    Str: 12    XL:     4   Next: 12%
Magic:  1/7        EV: 12    Int: 16    God:
Gold:   81         SH:  0    Dex: 16    Spells: 6/7 levels left

rFire    . . .     SeeInvis .   e - -3 long sword (curse)
rCold    . . .     Faith    .   (no shield)
rNeg     + . .     Spirit   .   a - +0 robe
rPois    ∞         Reflect  .   (no helmet)
rElec    +         Harm     .   (no cloak)
rCorr    .         Rampage  .   (no gloves)
Will     .....                  (no boots)
Stlth    ++........             (no amulet)
HPRegen  0.08/turn              f - +6 ring of dexterity
MPRegen  0.10/turn              (no ring)

@: no status effects
A: negative energy resistance 1, electricity resistance, unbreathing,
petrification resistance, miasma immunity, AC +3
a: no special abilities


You were on level 3 of the Dungeon.
You visited 1 branch of the dungeon, and saw 3 of its levels.

You collected 81 gold pieces.

Inventory:

Hand Weapons
 d - a +0 mace
 e - a cursed -3 long sword (weapon)
 j - a +3 hand axe
Armour
 a - a +0 robe (worn)
Jewellery
 f - a +6 ring of dexterity (left hand)
Scrolls
 i - a scroll of enchant armour {unknown}
 m - a scroll of teleportation {unknown}
 n - a scroll of enchant weapon
Potions
 b - a potion of might {unknown}
 c - a potion of magic {unknown}
 g - 2 potions of curing {unknown}
 h - a potion of ambrosia {unknown}
 k - a potion of cancellation {unknown}
 l - 2 potions of degeneration {unknown}


   Skills:
 - Level 1.5 Dodging
 - Level 2.1 Stealth
 + Level 2.4 Spellcasting
 * Level 2.7 Conjurations
 * Level 3.8 Fire Magic


You had 6 spell levels left.
You knew the following spells:

 Your Spells              Type           Power        Failure   Level
a - Foxfire               Conj/Fire      48%          4%          1

Your spell library contained the following spells:

 Spells                   Type           Power        Failure   Level
 Conjure Flame            Conj/Fire      12%          16%         3
 Inner Flame              Hex/Fire       8%           26%         3
 Sticky Flame             Conj/Fire      12%          45%         4
 Fireball                 Conj/Fire      6%           80%         5


Dungeon Overview and Level Annotations

Branches:
Dungeon (3/15)

Altars:
Makhleb


Innate Abilities, Weirdness & Mutations

You are resistant to torment.
Your stone body is resilient. (AC +3)
You are immune to poison.
You resist negative energy. (rN+)
You are resistant to electric shocks. (rElec)
You can survive without breathing.
You are immune to petrification.
You are immune to miasma.


Message History

You take 2 damage, and have 22/24 hp.
You hit the iron imp but do no damage. The iron imp hits you.
You take 6 damage, and have 16/24 hp.
MASSIVE DAMAGE!!
You hit the iron imp.
The iron imp is moderately wounded.
The iron imp hits you.
You take 1 damage, and have 15/24 hp.
You hit the iron imp.
The iron imp is heavily wounded.
The iron imp hits you.
You take 6 damage, and have 9/24 hp.
MASSIVE DAMAGE!!
You hit the iron imp but do no damage.
The iron imp is heavily wounded.
The iron imp hits you.
* * * LOW HITPOINT WARNING * * *
You take 2 damage, and have 7/24 hp.
You hit the iron imp but do no damage.
The iron imp is heavily wounded.
The iron imp hits you!
You die...

#.......... ..
#......... ...
#..)....###########
....##..................
.....................≈§≈
....!...............≈≈≈§
...................≈≈...
.......#..5.......≈≈5...
###....#..@.......≈≈....
...##.#.........≈85.?_.
##.. #.+..........≈≈....
#. ###..........≈≈.... .
..>...#.#......≈≈...
###.....#.......≈≈§≈
#.......#........
#................
.....)...#########


You could see an iron imp.

Vanquished Creatures
  An adder (D:2)
  An ooze (D:2)
  3 dart slugs (D:2)
  2 leopard geckos
  4 bats
  2 giant cockroaches (D:1)
  4 goblins
  6 hobgoblins
  A jackal (D:2)
  7 kobolds
  5 frilled lizards
  7 rats
43 creatures vanquished.

Vanquished Creatures (others)
  153 foxfires
153 creatures vanquished.

Grand Total: 196 creatures vanquished

Notes
Turn   | Place    | Note
-------+----------+-------------------------------------------
     0 | D:1      | kaeus the Gargoyle Fire Elementalist began the quest for
                  | the Orb.
     0 | D:1      | Reached XP level 1. HP: 10/10 MP: 3/3
   329 | D:1      | Reached XP level 2. HP: 15/15 MP: 0/5
  1369 | D:2      | Reached XP level 3. HP: 19/19 MP: 2/6
  2004 | D:2      | Reached XP level 4. HP: 12/24 MP: 1/7
  2397 | D:3      | Found a burning altar of Makhleb.
  2419 | D:3      | Slain by an iron imp

Illustrated notes

Levels and vault maps discovered:
D:1:      sevenhm_arrival_forest_fort_small_6, layout_basic
D:2:      layout_basic, st_stairs_1
D:3:      layout_basic, demons_altar, ebering_ghost_sewer_d,
          minmay_misc_feat_four_crosses, uniq_sigmund, uniq_ijyb

Skill      XL: |  1  2 |
---------------+-------+-----
Conjurations   | 2 |  2.7
Dodging        | |  1.5
Stealth        | |  2.1
Spellcasting   | |  2.4
Fire Magic     | |  3.8

Action                   |  1- 3 |  4- 6 || total
-------------------------+-------+-------++-------
Melee: Mace              |    14 |       ||    14
       Hand axe          |     1 |       ||     1
       Long sword        |    15 |     7 ||    22
 Cast: Foxfire           |    91 |     8 ||    99
  Use: Scroll            |     5 |       ||     5
Armor: Robe              |     8 |       ||     8
Dodge: Dodged            |    19 |       ||    19
       Rpst.: Long sword |     2 |       ||     2
